 Dungeon Crawl Stone Soup version 0.31-a0-151-ge443d1f16c (webtiles) character file.

Game seed: 14161274965631309471

194 qw the Shooter (level 5, -7/32 HPs)
             Began as a Gargoyle Hunter on June 8, 2023.
             Mangled by Duvessa
             ... wielding a +2 short sword of speed
              (9 damage)
             ... on level 4 of the Dungeon.
             The game lasted 00:00:51 (2284 turns).

qw the Shooter (Gargoyle Hunter)                    Turns: 2284, Time: 00:00:52

Health: -7/32      AC: 11    Str: 14    XL:     5   Next: 73%
Magic:  0/5        EV: 10    Int: 10    God:
Gold:   206        SH:  0    Dex: 15    Spells: 4/4 levels left

rFire   . . .        Y - +0 shortbow (drain)
rCold   . . .        (shield currently unavailable)
rNeg    + . .        b - +0 ring mail
rPois   inf          (no helmet)
rElec   +            g - +1 cloak
rCorr   .            (no gloves)
SInv    .            (no boots)
Will    .....        k - amulet of guardian spirit
Stlth   +            (no ring)
HPRegen 0.25/turn    (no ring)
MPRegen 0.09/turn

%: guardian spirit
@: about to teleport
A: sickness immunity, AC +4, negative energy resistance 1, electricity
resistance, torment resistance 1, petrification resistance
a: no special abilities


You were on level 4 of the Dungeon.
You visited 1 branch of the dungeon, and saw 4 of its levels.

You collected 206 gold pieces.


Innate Abilities, Weirdness & Mutations

You are immune to sickness and miasma.
Your stone body is resilient. (AC +4)
You are immune to poison.
You resist negative energy. (rN+)
You are resistant to electric shocks. (rElec)
You are resistant to unholy torment.
You are immune to petrification.


   Skills:
 + Level 3.1 Fighting
 - Level 6.3 Ranged Weapons
 - Level 1.0 Armour
 - Level 1.5 Dodging
 - Level 1.1 Stealth


You had 4 spell levels left.
You didn't know any spells.
Your spell library was empty.

Inventory:

Hand Weapons
 Y - a +0 shortbow of draining (weapon)
Armour
 b - a +0 ring mail (worn)
 g - a +1 cloak (worn)
Jewellery
 k - an amulet of guardian spirit (around neck)
Scrolls
 e - a scroll of identify
Potions
 c - a potion of curing {unknown}
 d - a potion of brilliance {unknown}

Dungeon Overview and Level Annotations

Branches:
Dungeon (4/15)
 Temple: D:4-7

Altars:
Elyvilon
Nemelex Xobeh

Annotations:
D:4 Dowan, Duvessa


Message History

Dowan blinks!
You shoot an arrow. The arrow completely misses the ogre.
Duvessa hits you with a +2 short sword of speed.
Dowan drinks a potion.
Dowan suddenly seems more resistant.
Duvessa hits you with a +2 short sword of speed.
You shoot an arrow. The arrow barely misses the ogre.
The ogre hits you with a +0 giant club! Duvessa hits you but does no damage.
You shoot an arrow. The arrow closely misses the ogre.
Duvessa hits you but does no damage. The ogre barely misses you.
Dowan points at Duvessa and mumbles some strange words.
Duvessa seems to speed up.
Duvessa hits you with a +2 short sword of speed.
You shoot an arrow.
The arrow hits the ogre but does no damage.
You drain the ogre.
The ogre is severely wounded.
Duvessa hits you with a +2 short sword of speed.
Duvessa barely misses you. Duvessa hits you but does no damage.
The ogre barely misses you.
2281 ||| READING scroll of teleportation.
As you read the scroll of teleportation, it crumbles to dust.
You feel strangely unstable. Duvessa hits you but does no damage.
Dowan hits you but does no damage.
Duvessa hits you with a +2 short sword of speed.
You shoot an arrow. The arrow hits the ogre.
You drain the ogre.
The ogre is almost dead.
Duvessa misses you. The ogre hits you but does no damage.
Dowan closely misses you.
An orc comes into view. It is wielding a +0 flail.
Duvessa says, "Where magic fails, the sword succeeds!"
Duvessa misses you. Duvessa hits you but does no damage.
You shoot an arrow. The arrow closely misses the ogre.
Duvessa hits you with a +2 short sword of speed.
Dowan hits you but does no damage. The orc misses you.
The ogre closely misses you. Duvessa barely misses you.
The orc barely misses you. Dowan closely misses you.
You shoot an arrow. The arrow hits the ogre.
You kill the ogre!
Duvessa hits you with a +2 short sword of speed!
You die...

...#....#...##.#..##)..
##.#....###........#...
##.###.......#..##.....
.#...#......#..###.....
.#<..#......###.#......
.#...#.......###.......
.'...#.................
.#...#.....<...o########
##.###.........#@e......
### ###########)e......
......... ..........
.###+###### .. .. ..


You could see Duvessa (fast), Dowan (resistant) and an orc.

Vanquished Creatures
  2 ogres (D:4)
  2 gnolls (D:1)
  2 adders (D:2)
  2 worms (D:2)
  2 dart slugs
  An orc (D:4)
  A bat (D:1)
  5 endoplasms
  3 giant cockroaches
  6 goblins
  5 hobgoblins
  7 jackals
  5 quokkas
  8 ball pythons
  2 frilled lizards
  5 kobolds
  5 rats
63 creatures vanquished.

Notes
Turn   | Place    | Note
-------+----------+-------------------------------------------
     0 | D:1      | qw the Gargoyle Hunter began the quest for the Orb.
     0 | D:1      | Reached XP level 1. HP: 12/12 MP: 1/1
     0 | D:1      | 0 ||| qw: Version: 0.2-a-120-gdf1a93b
     0 | D:1      | 0 ||| qw: Game counter: 3110
     0 | D:1      | 0 ||| qw: Always use a shield: true
     0 | D:1      | 0 ||| qw: God list: Okawaru
     0 | D:1      | 0 ||| qw: Allow faded altars: false
     0 | D:1      | 0 ||| qw: Do Orc after D:15 true
     0 | D:1      | 0 ||| qw: Do second Lair branch before Depths: true
     0 | D:1      | 0 ||| qw: Lair rune preference: random
     0 | D:1      | 0 ||| qw: Plans: Normal
     0 | D:1      | 0 ||| PLANNING D:1-11
   130 | D:1      | Reached XP level 2. HP: 17/17 MP: 2/2
   135 | D:1      | Found a faded altar of an unknown god.
   440 | D:1      | Reached skill level 5 in Ranged Weapons
   440 | D:1      | Reached XP level 3. HP: 20/21 MP: 3/3
   655 | D:1      | 655 ||| UPGRADING to +0 cloak.
   660 | D:1      | 660 ||| UPGRADING to amulet of guardian spirit.
   665 | D:1      | 665 ||| DROPPING +6 ring of intelligence.
   666 | D:1      | 666 ||| READING scroll labelled UPRIUS DADUBYWN.
   667 | D:1      | 667 ||| READING 3 scrolls labelled XEOSAU HEAMPYEL.
   668 | D:1      | 668 ||| READING scroll labelled XIATZI ULIAV.
   669 | D:1      | 669 ||| READING scroll labelled ULOAS RIWNOMNER.
   670 | D:1      | 670 ||| READING 2 scrolls of identify.
   670 | D:1      | 670 ||| IDENTIFYING sapphire potion
   671 | D:1      | 671 ||| DROPPING scroll of butterflies.
   672 | D:1      | 672 ||| DROPPING potion of enlightenment.
   740 | D:2      | Reached skill level 3 in Fighting
   909 | D:2      | Reached XP level 4. HP: 28/28 MP: 4/4
  1382 | D:2      | 1382 ||| UPGRADING to +0 ring mail.
  1392 | D:2      | 1392 ||| DROPPING +0 leather armour.
  1393 | D:2      | 1393 ||| READING scroll labelled QIXAOG DYKUL.
  1398 | D:2      | 1398 ||| READING scroll labelled GUVYNG JYFE.
  1399 | D:2      | 1399 ||| READING scroll labelled BUSOIMM JENY.
  1400 | D:2      | 1400 ||| READING scroll labelled ARIEKH BEOMEEM.
  1401 | D:2      | 1401 ||| READING scroll labelled WUOCIM NOPHA.
  1673 | D:3      | Reached skill level 1 in Armour
  1774 | D:3      | Found a sparkling altar of Nemelex Xobeh.
  1931 | D:3      | 1931 ||| READING scroll of enchant armour.
  1931 | D:3      | 1931 ||| ENCHANTING +0 cloak.
  2133 | D:3      | 2133 ||| READING scroll labelled XOSOTWOPYOT.
  2134 | D:3      | 2134 ||| READING 2 scrolls labelled JASIFFIGRA.
  2135 | D:3      | 2135 ||| DROPPING scroll of magic mapping.
  2201 | D:4      | Noticed an ogre
  2207 | D:4      | Killed an ogre
  2208 | D:4      | Reached skill level 6 in Ranged Weapons
  2208 | D:4      | Reached XP level 5. HP: 24/32 MP: 3/5
  2242 | D:4      | Found a white marble altar of Elyvilon.
  2270 | D:4      | Noticed Duvessa
  2270 | D:4      | Noticed Dowan
  2270 | D:4      | Noticed an ogre
  2280 | D:4      | HP: 4/32 [Duvessa/+2 short sword of speed (6)]
  2281 | D:4      | 2281 ||| READING scroll of teleportation.
  2283 | D:4      | HP: 1/32 [Duvessa/+2 short sword of speed (3)]
  2284 | D:4      | Killed an ogre
  2284 | D:4      | Mangled by Duvessa

Levels and vault maps discovered:
D:1:      dpeg_arrival_stonehenge_8_columns, layout_loops_ring,
          hellmonk_ecumenical_altar_dog_temple
D:2:      layout_basic
D:3:      layout_basic, nemelex_diamond_rough_becter
D:4:      layout_gridville, makhleb_altar_promises_db, minmay_ruined_shrine,
          uniq_duvessa, uniq_natasha

Skill      XL: |  1  2  3  4 |
---------------+-------------+-----
Ranged Weapons | 5 6 |  6.3
Fighting       | 3 |  3.1
Armour         | 1 |  1.0
Dodging        | |  1.5
Stealth        | |  1.1

Action                     |  1- 3 |  4- 6 || total
---------------------------+-------+-------++-------
   Fire: Shortbow          |    87 |    94 ||   181
    Use: Scroll            |     5 |     9 ||    14
 Armour: Leather armour    |    14 |     2 ||    16
         Ring mail         |       |    16 ||    16
  Dodge: Dodged            |    32 |    31 ||    63

Table legend:
 A = Non-vault XP
 B = Vault XP
 C = Vault XP percentage of total XP
 D = Non-vault monster count
 E = Vault monster count
 F = Vault count percentage of total count
                 A         B        C        D         E       F
            +---------+---------+-------+---------+---------+-------
      Total |     272 |     127 |  31.8 |      55 |       8 |  12.7
            +---------+---------+-------+---------+---------+-------
        D:1 |      62 |       4 |   6.1 |      22 |       2 |   8.3
        D:2 |      58 |       0 |   0.0 |      16 |       0 |   0.0
        D:3 |      23 |       0 |   0.0 |      12 |       0 |   0.0
        D:4 |     129 |     123 |  48.8 |       5 |       6 |  54.5
            +---------+---------+-------+---------+---------+-------
